[Event "GCT Superbet Romania 2024"]
[Site "Bucharest"]
[Date "2024.07.04"]
[Round "8.1"]
[White "Vachier-Lagrave, Maxime"]
[Black "So, Wesley"]
[Result "1/2-1/2"]
[ECO "C54"]
[WhiteElo "2732"]
[BlackElo "2757"]
[Annotator "TA"]
[PlyCount "106"]
[EventDate "2024.06.24"]
[EventType "tourn"]
[EventCountry "ROU"]
[SourceTitle "playchess.com"]
[Source "ChessBase"]
[SourceQuality "1"]
[TimeControl "7200+30"]

1. e4 e5 2. Nf3 Nc6 3. Bc4 Bc5 4. c3 Nf6 5. d3 d6 6. O-O a5 7. Nbd2 O-O 8. h3 h6 9. Re1 a4 10. Nf1 Bd7 11. d4 Bb6 12. Ng3 Re8 13. Be3 exd4 14. Nxd4 Ne5 15. Bf1 Ng6 16. Nf3 Nxe4 17. Nxe4 Rxe4 18. Bxb6 Rxe1 19. Nxe1 cxb6 20. Qxd6 {[%emt 0:00:07] [#] Threatens to win with Rd1.} Bc6 21. Rd1 Qg5 22. Qd2 (22. Qg3 {simplifies} Qxg3 23. fxg3 a3 24. b3) 22... Nf4 23. g3 Ne6 24. Qxg5 Nxg5 25. h4 Nf3+ 26. Nxf3 Bxf3 $11 {[%emt 0:00:04][%mdl 4096] Endgame. KRB-KRB} 27. Rd6 Bc6 28. Bg2 Rc8 29. a3 Kf8 30. Kf1 Ke7 31. Rd4 b5 32. Bh3 Rf8 33. Bf5 Re8 34. Bd3 Kf8 35. h5 Re5 36. Be2 Bg2+ 37. Kxg2 Rxe2 {[%emt 0:00:03] KR-KR} 38. Rb4 Re5 39. g4 Rc5 40. f3 f5 41. Kg3 Ke7 42. Rd4 fxg4 {[%emt 0:01:28] The position is equal.} 43. fxg4 Re5 44. Kf4 Rg5 45. Rd1 Rc5 46. Rd4 Rg5 47. Rd1 Rc5 48. Rd4 Rg5 49. Re4+ Kd7 50. Re5 Rxe5 51. Kxe5 Ke7 $1 52. Kd5 Kf6 {[%emt 0:00:02] [#] And now ...Kg5 would win.} 53. Kc5 Kg5 {Weighted Error Value: White=0.06 (flawless) /Black=0.03 (flawless) .  Inaccurate:     	White=1     	Black=1      OK:         	White=16    	Black=32     Best:        	White=3     	---        Strong:       	---       	Black=1} 1/2-1/2

[Event "GCT Superbet Romania 2024"]
[Site "Bucharest"]
[Date "2024.07.04"]
[Round "8.2"]
[White "Firouzja, Alireza"]
[Black "Nepomniachtchi, Ian"]
[Result "1/2-1/2"]
[ECO "D02"]
[WhiteElo "2737"]
[BlackElo "2770"]
[Annotator "TA"]
[PlyCount "89"]
[EventDate "2024.06.24"]
[EventType "tourn"]
[EventCountry "ROU"]
[SourceTitle "playchess.com"]
[Source "ChessBase"]
[SourceQuality "1"]
[TimeControl "7200+30"]

1. d4 Nf6 2. Nf3 d5 3. Bf4 c5 4. e3 Nc6 5. Nbd2 Nh5 6. dxc5 {[%emt 0:00:08] D02: 1 d4 d5 2 Nf3 sidelines, including 2...Nf6 3 g3 and 2...Nf6 3 Bf4.} Nxf4 7. exf4 a5 8. Bb5 e6 9. Ne5 Bd7 10. Nxd7 $146 ({Predecessor:} 10. Nd3 Nb4 11. Bxd7+ Qxd7 12. Nxb4 axb4 13. Nb3 Be7 14. Qd2 Bf6 15. Nd4 O-O 16. O-O {½-½ Rios Gomez,C (2472)-Sahakyan,A (2334) Sharjah Challengers 7th 2024 (8)}) 10... Qxd7 11. Qf3 Qc7 12. O-O-O Be7 13. f5 O-O 14. Qg3 Qxg3 15. fxg3 Nd4 16. Bd3 Bxc5 17. fxe6 fxe6 18. Rhe1 Rae8 19. g4 Rf2 20. c3 Nc6 21. Nf3 g6 22. Ng5 Bd6 23. Rxe6 Rxe6 24. Nxe6 Kf7 25. Ng5+ Kf6 26. Nf3 $1 (26. Nxh7+ $2 Kg7 27. h4 Rxg2 $19 (27... Kxh7 $2 28. h5 $19)) 26... Bf4+ 27. Kb1 Rxg2 28. Bb5 Ne7 29. h3 Rg3 30. Rf1 g5 (30... Rxh3 $2 {too greedy.} 31. Ng1 Rh1 32. Rxf4+ $18) 31. Nd4 Ng6 32. Rh1 Rg2 33. Nb3 b6 34. Rd1 Ne7 35. Nd4 Be3 36. Nc6 Rg1 37. Rxg1 Bxg1 38. Nxe7 Kxe7 39. Kc2 Kd6 40. Kd3 Ke5 41. Bc6 Kd6 42. Bb5 Ke5 43. Bc6 Kd6 44. Bb5 Ke5 45. Bc6 1/2-1/2

[Event "GCT Superbet Romania 2024"]
[Site "Bucharest"]
[Date "2024.07.04"]
[Round "8.5"]
[White "Abdusattorov, Nodirbek"]
[Black "Deac, Bogdan-Daniel"]
[Result "1/2-1/2"]
[ECO "C83"]
[WhiteElo "2766"]
[BlackElo "2680"]
[Annotator "TA"]
[PlyCount "167"]
[EventDate "2024.06.24"]
[EventType "tourn"]
[EventCountry "ROU"]
[SourceTitle "playchess.com"]
[Source "ChessBase"]
[SourceQuality "1"]
[TimeControl "7200+30"]

1. e4 e5 2. Nf3 Nc6 3. Bb5 a6 4. Ba4 Nf6 5. O-O Nxe4 6. d4 b5 7. Bb3 d5 8. dxe5 Be6 9. Be3 Be7 10. c3 O-O 11. Qe2 f6 12. exf6 Bxf6 13. Rd1 {[%emt 0:24:42] White is slightly better.} Na5 14. Bc2 Qe7 15. Nbd2 Nxd2 16. Nxd2 {[%emt 0:01:00][%cal Oe3c5,Bf3d2,Bd2b3,Bb3c5][%mdl 32] Threatening Bc5!} Rfe8 17. Re1 Qf7 18. Qf3 Be5 19. Qd1 (19. Bd4 {seems wilder.} Bd6 20. b4 Nc4 21. Qxf7+ Bxf7 22. Nxc4 dxc4 23. Be4) 19... Bf6 20. Nb3 Nc4 21. Nc5 g6 22. Rb1 Nxe3 23. Rxe3 c6 24. a4 Bg5 {[%emt 0:03:44] This pair of bishops is nice.} 25. Re1 Bf5 26. Bxf5 Qxf5 27. Ra1 Be7 28. Nb3 b4 29. Nd4 Qd7 30. Qd3 bxc3 31. bxc3 Bf6 32. Rxe8+ Qxe8 33. g3 c5 34. Nb3 Qc6 {[%emt 0:00:34] [#] And now ...c4 would win.} 35. Qf3 Rf8 36. Qe3 Re8 37. Qxc5 Qxc5 38. Nxc5 Bxc3 $11 {[%emt 0:00:02][%mdl 4096] Endgame. KRB-KRN} 39. Rd1 d4 40. Nxa6 Ra8 41. Nc5 Ra5 42. Nd3 Rxa4 43. Rb1 Ra2 44. Rb8+ Kg7 45. Rb7+ Kg8 46. Kg2 Rd2 47. Nc5 Rd1 48. Ne4 h6 49. Kf3 Kf8 50. h4 Ba5 51. Rb5 Ra1 52. Nc5 Ra3+ 53. Ke4 Be1 54. Nd3 (54. Kxd4 Bxf2+ 55. Ke5 Bxg3+ (55... Rxg3 56. Rb8+ Ke7 57. Rb7+ Kd8 58. Ne4 $11) 56. Kf6 Bxh4+ 57. Kxg6 h5 $11) 54... Ra2 55. Kf3 Ra3 56. Ke4 Ra2 $1 57. Rb1 Bc3 (57... Bxf2 $2 {is the wrong capture.} 58. Rf1 Re2+ 59. Kd5 $18 (59. Kf3 Re3+ 60. Kxf2 Kf7 $18)) 58. Rb6 Kg7 59. g4 Be1 60. Rb7+ Kg8 61. Kf3 Ra3 62. Ke2 Ba5 63. Rd7 Ra2+ 64. Kf3 Bc3 65. Rb7 Ra3 66. Ke4 Ra2 67. Rb8+ Kh7 68. Rb6 ({Much worse is} 68. Rb7+ Kg8 $11) 68... Be1 69. Rb7+ Kg8 70. Kf3 (70. Nxe1 $16 Re2+ 71. Kxd4 Rxe1 72. f3) 70... Bc3 (70... Ra3 $1 $11) 71. Rb6 Kh7 72. Re6 Ra3 73. Kg2 Bd2 74. Ne5 g5 75. h5 ({Better is} 75. Nc4 $16 Rd3 76. Ne5) 75... Bf4 76. Ng6 Bc1 $1 77. Ne7 {[%emt 0:00:05] Nf5 would now be deadly.} d3 {[%emt 0:00:33] The position is equal.} 78. Nf5 Bf4 79. Rxh6+ Kg8 {[%emt 0:00:03] [#] ...d2 is the strong threat.} 80. Rg6+ $1 Kh8 {[%emt 0:00:19] Threatens to win with ...d2.} 81. Rh6+ Kg8 {[%emt 0:00:04] Hoping for ...d2.} 82. Rg6+ $1 Kh8 {[%emt 0:00:14] Strongly threatening ...d2.} 83. Rh6+ Kg8 {[%emt 0:00:03] aiming for ...d2.} 84. Rg6+ $1 {[%emt 0:00:27] Weighted Error Value: White=0.08 (flawless) /Black=0.07 (flawless) .  Mistake:       	White=2     	Black=2      Inaccurate:     	White=8     	Black=6      OK:         	White=32    	Black=31     Best:        	---       	Black=2      Strong:       	White=3     	Black=2} 1/2-1/2